 Dungeon Crawl Stone Soup version 0.28.0-1-gb440e238dd (webtiles) character file.

Game seed: 16664782659397890757

2122 Bamboolord the Firebug (level 9, -1/45 HPs)
             Began as an Octopode Fire Elementalist on Feb 19, 2022.
             Was a Follower of Hepliaklqana.
             Slain by Maggie (2 damage)
             ... on level 7 of the Dungeon.
             The game lasted 00:29:54 (7655 turns).

Bamboolord the Firebug (Octopode Fire Elementalist) Turns: 7655, Time: 00:29:55

Health: -1/45      AC:  1    Str:  7    XL:     9   Next: 29%
Magic:  8/18       EV: 14    Int: 27    God:    Hepliaklqana [*.....]
Gold:   274        SH:  0    Dex: 13    Spells: 4/20 levels left

rFire   + . .      SeeInvis .   e - +3 dagger (venom)
rCold   . . .      Faith    .   (no shield)
rNeg    . . .      Spirit   .   (helmet restricted)
rPois   .          Reflect  .   (no amulet)
rElec   .          Harm     .   q - ring of protection from fire
rCorr   .          Rampage  .   u - +6 ring of intelligence
Will    .....                   (no ring)
Stlth   ++++......              (no ring)
HPRegen 0.15/turn               (no ring)
MPRegen 0.16/turn               (no ring)
                                (no ring)
                                (no ring)

@: mesmerised
A: reduced essence, almost no armour, amphibious, 8 rings, camouflage 1,
gelatinous body 1, (nimble swimmer 1), tentacles
a: Renounce Religion, Recall Ancestor, Ancestor Identity


You were on level 7 of the Dungeon.
You worshipped Hepliaklqana.
Hepliaklqana was aware of your devotion.
You visited 2 branches of the dungeon, and saw 8 of its levels.

You collected 274 gold pieces.

Inventory:

Hand Weapons
 e - a +3 dagger of venom (weapon)
Jewellery
 q - a ring of protection from fire (left tentacle)
 u - a +6 ring of intelligence (right tentacle)
Wands
 k - a wand of paralysis (11)
 r - a wand of polymorph (8)
Scrolls
 b - a scroll of blinking
 c - 2 scrolls of enchant armour
 d - 3 scrolls of teleportation
 f - a scroll of fear {unknown}
 n - a scroll of magic mapping
 p - a scroll of immolation
 s - a scroll of vulnerability {unknown}
 t - 2 scrolls of noise {unknown}
Potions
 a - 2 potions of magic {unknown}
 g - a potion of berserk rage {unknown}
 h - 2 potions of curing
 i - 2 potions of flight
 j - 2 potions of attraction
 l - 2 potions of brilliance
 m - a potion of lignification {unknown}
 o - a potion of degeneration {unknown}


   Skills:
 * Level 4.2 Dodging
 + Level 5.0 Stealth
 * Level 6.4 Spellcasting
 * Level 3.8 Conjurations
 * Level 3.6 Hexes
 * Level 7.1 Fire Magic
 * Level 1.2 Invocations


You had 4 spell levels left.
You knew the following spells:

 Your Spells              Type           Power      Damage    Failure   Level
a - Foxfire               Conj/Fire      100%       2x1d9     1%          1
b - Scorch                Fire           94%        2d9       1%          2
c - Inner Flame           Hex/Fire       37%        N/A       1%          3
d - Flame Wave            Conj/Fire      38%        2d9       6%          4
e - Conjure Flame         Conj/Fire      38%        6-21      1%          3
f - Confusing Touch       Hex            28%        N/A       4%          3

Your spell library contained the following spells:

 Spells                   Type           Power      Damage    Failure   Level
 Animate Skeleton         Necr           16%        N/A       6%          1
 Apportation              Tloc           16%        N/A       6%          1
 Beastly Appendage        Tmut           16%        N/A       6%          1
 Freeze                   Ice            32%        1d5       6%          1
 Summon Small Mammal      Summ           32%        N/A       6%          1
 Blink                    Tloc           16%        N/A       10%         2
 Wereblood                Tmut           8%         N/A       10%         2
 Frozen Ramparts          Ice            16%        1d3       19%         3
 Gell's Gravitas          Tloc           8%         N/A       19%         3
 Lesser Beckoning         Tloc           8%         N/A       19%         3
 Ozocubu's Armour         Ice            8%         N/A       19%         3
 Spider Form              Tmut/Pois      8%         N/A       19%         3
 Teleport Other           Tloc           8%         N/A       19%         3
 Hailstorm                Conj/Ice       19%        3d6       28%         4
 Airstrike                Air            4%         N/A       52%         4
 Ice Form                 Ice/Tmut       8%         N/A       52%         4
 Summon Ice Beast         Ice/Summ       8%         N/A       52%         4
 Summon Lightning Spire   Summ/Air       8%         N/A       52%         4
 Lightning Bolt           Conj/Air       9%         1d22      61%         5
 Yara's Violent Unravell  Hex/Tmut       9%         3d6       63%         5
 Manifold Assault         Tloc           8%         N/A       86%         5
 Enfeeble                 Hex            14%        N/A       100%        7
 Ozocubu's Refrigeration  Ice            4%         4d5       100%        7
 Borgnjor's Revivificati  Necr           4%         N/A       100%        8
 Necromutation            Tmut/Necr      4%         N/A       100%        8
 Death's Door             Necr           4%         N/A       100%        9


Dungeon Overview and Level Annotations

Branches:
Dungeon (7/15)             Temple (1/1) D:5

Altars:
Ashenzari
Cheibriados
Dithmenos
Elyvilon
Fedhas
Gozag
Hepliaklqana
Kikubaaqudgha
Makhleb
Nemelex Xobeh
Okawaru
Qazlal
Ru
Sif Muna
Uskayaw
Wu Jian
Yredelemnul
Zin
The Shining One

Shops:
D:1 [=?

Annotations:
D:7 Maggie


Innate Abilities, Weirdness & Mutations

Your life essence is reduced to manifest your ancestor. (-10% HP)
You cannot wear most types of armour.
You are amphibious.
You can wear up to eight rings at the same time.
Your skin changes colour to match your surroundings (Stealth+).
Your rubbery body absorbs attacks. (AC +1, EV +1)
((You are camouflaged when in or above water. (Stealth+)))
You have tentacles for arms and can constrict up to eight enemies at once.


Message History

Casting: Flame Wave (dangerous; 6% risk of failure)
Press: ? - help, Dir - look around, f - activate
Okay, then.
Casting: Flame Wave (dangerous; 6% risk of failure)
Confirm with . or Enter, or press ? or * to list all spells.
Flames lash the kobold.
You kill the kobold!
The foxfire hits something.
Reactivating autopickup.
You feel a bit more experienced.
Unknown command.
The foxfire hits Maggie.
Maggie is lightly wounded.
Bambosso barely misses Maggie.
Casting: Scorch (safe; 1% risk of failure)
Confirm with . or Enter, or press ? or * to list all spells.
Flames lash Maggie but do no damage.
Maggie points at you and mumbles some strange words.
The bolt of fire hits you! You resist.
Casting: Scorch (safe; 1% risk of failure)
Confirm with . or Enter, or press ? or * to list all spells.
Flames lash Maggie.
Maggie is moderately wounded.
Maggie's fire resistance burns away.
Maggie hits you from afar with a +0 halberd of flaming!
Maggie burns you.
The kobold brigand completely misses you.
Bambosso hits the kobold brigand!
Casting: Scorch (safe; 1% risk of failure)
Confirm with . or Enter, or press ? or * to list all spells.
Flames lash the kobold brigand.
The kobold brigand is severely wounded.
The kobold brigand's fire resistance burns away.
Maggie closely misses you.
The kobold brigand hits you with a +5 dagger.
Bambosso hits the kobold brigand.
Maggie hits you from afar with a +0 halberd of flaming!!
* * * LOW HITPOINT WARNING * * *
Maggie burns you.
You die...

##.K......
#............
#............
#..........#
#..........#
#.)........###
#..@)........
##..RK....##
#.....@....#
#..........#
#..........#
#.......<..#
#..........#
##........##
##.....<##
########


You could see the friendly Bambosso the ancestor, Maggie (mesmerising,
combustible) and a kobold brigand (combustible, ally target).

Vanquished Creatures
  A wraith (D:5)
  Menkaure (D:5)
  A water moccasin (D:5)
  An orc warrior (D:6)
  An ice beast (D:3)
  A black bear (D:3)
  A sky beast (D:7)
  2 ogres (D:3)
  A phantom (D:4)
  2 scorpions (D:6)
  2 water moccasin skeletons (D:4)
  4 wights
  A howler monkey (D:6)
  A jelly (D:5)
  A hound (D:5)
  4 orc priests
  3 centaur skeletons
  Crazy Yiuf (D:2)
  5 iguanas
  Jessica (D:2)
  2 orc wizards
  Terence (D:2)
  2 hound skeletons
  A howler monkey zombie (D:5)
  3 adders
  4 worms (D:2)
  6 dart slugs
  18 orcs
  3 bats
  6 endoplasms
  2 giant cockroaches
  17 goblins
  11 hobgoblins
  4 quokkas
  9 ball pythons
  A frilled lizard (D:1)
  17 kobolds
  8 rats
  A spectral orc (D:5)
151 creatures vanquished.

Vanquished Creatures (collateral kills)
  A wight (D:6)
1 creature vanquished.

Vanquished Creatures (others)
  An ancestor (D:6)
  146 foxfires
  A fungus (D:2)
148 creatures vanquished.

Grand Total: 300 creatures vanquished

Notes
Turn   | Place    | Note
-------+----------+-------------------------------------------
     0 | D:1      | Bamboolord the Octopode Fire Elementalist began the quest
                  | for the Orb.
     0 | D:1      | Reached XP level 1. HP: 11/11 MP: 3/3
     6 | D:1      | Found Goafaidi's Jewellery Shop.
   174 | D:1      | Reached XP level 2. HP: 17/17 MP: 3/5
   177 | D:1      | Learned a level 2 spell: Scorch
   604 | D:1      | Reached XP level 3. HP: 21/21 MP: 3/6
   656 | D:1      | Learned a level 3 spell: Inner Flame
   662 | D:1      | Found Hilayw's Magic Scroll Boutique.
  1180 | D:1      | Found Boxket's Antique Armour Shoppe.
  1760 | D:2      | Noticed Terence
  1764 | D:2      | Killed Terence
  1765 | D:2      | Reached XP level 4. HP: 27/27 MP: 3/8
  2234 | D:2      | Noticed Jessica
  2242 | D:2      | Killed Jessica
  2243 | D:2      | Reached skill level 4 in Fire Magic
  2243 | D:2      | Reached XP level 5. HP: 15/31 MP: 2/9
  2451 | D:2      | Found a runed translucent door.
  2452 | D:2      | Noticed Crazy Yiuf
  2560 | D:2      | Killed Crazy Yiuf
  2561 | D:2      | Reached skill level 1 in Hexes
  2977 | D:3      | Noticed an ogre
  3147 | D:3      | Killed an ogre
  3148 | D:3      | Reached XP level 6. HP: 36/36 MP: 1/11
  3423 | D:3      | Noticed a black bear
  3429 | D:3      | Killed a black bear
  3490 | D:3      | Found a stormy altar of Qazlal.
  3603 | D:3      | Reached skill level 5 in Fire Magic
  3603 | D:3      | Reached XP level 7. HP: 31/41 MP: 11/13
  3720 | D:3      | Found a glowing golden altar of the Shining One.
  4115 | D:4      | Learned a level 4 spell: Flame Wave
  4737 | D:3      | Reached XP level 8. HP: 7/46 MP: 6/15
  5031 | D:4      | Reached skill level 5 in Spellcasting
  5144 | D:4      | Found a sacrificial altar of Ru.
  5366 | D:5      | Entered Level 5 of the Dungeon
  5371 | D:5      | Learned a level 3 spell: Conjure Flame
  5544 | D:5      | Found a staircase to the Ecumenical Temple.
  5545 | D:5      | Noticed a wraith
  5555 | Temple   | Entered the Ecumenical Temple
  5664 | Temple   | Became a worshipper of Hepliaklqana the Forgotten
  5694 | D:5      | Killed a wraith
  5695 | D:5      | Reached skill level 6 in Fire Magic
  5953 | D:5      | Found a basalt altar of Yredelemnul.
  6118 | D:5      | Noticed Menkaure
  6127 | D:5      | Killed Menkaure
  6366 | D:5      | Found a glowing silver altar of Zin.
  6701 | D:6      | Reached XP level 9. HP: 11/51 MP: 1/18
  6946 | D:6      | Found a snail-covered altar of Cheibriados.
  6973 | D:6      | Reached * piety under Hepliaklqana
  6989 | D:6      | Learned a level 3 spell: Confusing Touch
  7169 | D:6      | Reached skill level 7 in Fire Magic
  7169 | D:6      | Reached skill level 1 in Invocations
  7374 | D:6      | Reached skill level 5 in Stealth
  7643 | D:7      | Noticed Maggie
  7655 | D:7      | HP: 1/45 [Maggie (19)]
  7655 | D:7      | Slain by Maggie

Illustrated notes

Levels and vault maps discovered:
D:1:      dpeg_arrival_connections, layout_loops_corners, serial_shops,
          nicolae_shop_overgrown_old_shop, shop, shop, hex_large
D:2:      layout_basic, uniq_terence, uniq_crazy_yiuf_cottage, uniq_jessica
D:3:      layout_rooms, nicolae_tso_carved_into_rock,
          nicolae_qazlal_scattered_showers, minmay_ogre_servants
D:4:      layout_basic, nicolae_ru_awakened_eye, minmay_between
D:5:      layout_layer_cave, yredelemnul_forgotten_temple_becter,
          lemuel_tele_altar, minmay_temple_entry_overgrown, nicolae_sextant,
          uniq_menkaure
D:6:      layout_cave_pools, cheibriados_altar_1
D:7:      layout_rooms, bloody_trog, kennysheep_mini_moat,
          hangedman_decor_peaks_small, chequers_arboretum,
          kennysheep_nondescript, uniq_maggie
Temple:   cyrus_circular_temple

Skill      XL: |  1  2  3  4  5  6  7  8  9 |
---------------+----------------------------+-----
Spellcasting   | 3 4 6 |  6.4
Fire Magic     | 4 5 6 7 |  7.1
Conjurations   | 2 3 |  3.8
Hexes          | 1 2 3 |  3.6
Stealth        | 3 4 5 |  5.0
Dodging        | 3 4 |  4.2
Invocations    | 1 |  1.2

Action                   |  1- 3 |  4- 6 |  7- 9 || total
-------------------------+-------+-------+-------++-------
Melee: Unarmed           |     6 |       |       ||     6
       Constrict         |     8 |     6 |    19 ||    33
       Tentacles         |     7 |     7 |    24 ||    38
       Dagger            |    15 |    24 |    86 ||   125
       Punch             |       |       |     2 ||     2
 Cast: Foxfire           |    41 |    28 |    24 ||    93
       Scorch            |    12 |    21 |    46 ||    79
       Inner Flame       |       |       |     3 ||     3
       Confusing Touch   |       |       |     2 ||     2
       Conjure Flame     |       |       |     1 ||     1
       Flame Wave        |       |       |     1 ||     1
Invok: Ancestor Identity |       |       |     3 ||     3
  Use: Scroll            |     2 |     4 |     6 ||    12
       Potion            |       |     2 |     1 ||     3
 Stab: Sleeping          |       |     6 |    11 ||    17
       Distracted        |       |       |     1 ||     1
       Confused          |       |       |     1 ||     1
Armor: Skin              |     1 |     2 |     8 ||    11
Dodge: Dodged            |    13 |     8 |    93 ||   114
